 Dungeon Crawl Stone Soup version 0.29.0-7-g18a832c13a (webtiles) character file.

Game seed: 15057179772758743961

19 flotson the Sneak (level 2, -1/24 HPs)
             Began as a Demonspawn Delver on Aug 30, 2022.
             Slain by an orc
             ... wielding a +0 flail
              (7 damage)
             ... on level 3 of the Dungeon.
             The game lasted 00:01:33 (815 turns).

flotson the Sneak (Demonspawn Delver)                Turns: 815, Time: 00:01:33

Health: -1/24      AC:  7    Str: 12    XL:     2   Next: 55%
Magic:  2/2        EV: 10    Int: 11    God:
Gold:   16         SH:  0    Dex: 14    Spells: 1/1 levels left

rFire   . . .      SeeInvis .   a - +0 hand axe
rCold   . . .      Faith    .   (no shield)
rNeg    . . .      Spirit   .   d - +0 ring mail
rPois   .          Reflect  .   (no helmet)
rElec   .          Harm     .   (no cloak)
rCorr   .          Rampage  .   (no gloves)
Will    .....                   (no boots)
Stlth   ++........              (no amulet)
HPRegen 0.08/turn               (no ring)
MPRegen 0.08/turn               (no ring)

@: no status effects
A: icy blue scales 1
a: no special abilities


You were on level 3 of the Dungeon.
You visited 1 branch of the dungeon, and saw 3 of its levels.

You collected 16 gold pieces.

Inventory:

Hand Weapons
 a - a +0 hand axe (weapon)
Missiles
 b - 2 throwing nets (quivered)
Armour
 d - a +0 ring mail (worn)
Wands
 g - a wand of digging (3)
Scrolls
 c - a scroll of fog
 e - a scroll of fear
 h - 3 scrolls of identify {unknown}
Potions
 f - a potion of haste
 i - a potion of lignification {unknown}
 j - a potion of cancellation {unknown}
 k - a potion of mutation {unknown}


   Skills:
 + Level 3.2 Fighting
 + Level 2.0 Axes
 + Level 0.1 Throwing
 + Level 0.6 Armour
 + Level 2.0 Dodging
 - Level 4.5 Stealth
 + Level 0.7 Evocations


You had one spell level left.
You didn't know any spells.
Your spell library was empty.

Dungeon Overview and Level Annotations

Branches:
Dungeon (5/15)             Temple (0/1) D:5

Altars:


Innate Abilities, Weirdness & Mutations

You are partially covered in icy blue scales. (AC +2)


Message History

The orc shouts!
The orc completely misses you.
Things that are here:
a +0 hand axe; an orc corpse; a ball python corpse You hit the orc.
The orc is heavily wounded.
The orc closely misses you. The orc hits you but does no damage.
You hit the orc.
You kill the orc!
You barely miss the orc. The orc hits you with a +0 flail.
You hit the orc but do no damage. The orc barely misses you.
You hit the orc.
The orc is moderately wounded.
The orc closely misses you.
You closely miss the orc.
The orc is moderately wounded.
The orc barely misses you. x2
You barely miss the orc.
The orc is moderately wounded.
The orc hits you but does no damage.
You hit the orc. Your punch misses the orc.
The orc is heavily wounded.
The orc hits you with a +0 flail.
You hit the orc but do no damage.
The orc is heavily wounded.
The orc hits you but does no damage.
You barely miss the orc.
The orc is heavily wounded.
The orc hits you with a +0 flail!
* * * LOW HITPOINT WARNING * * *
You hit the orc but do no damage.
The orc is heavily wounded.
The orc hits you but does no damage. The orc hits you with a +0 flail.
* * * LOW HITPOINT WARNING * * *
You hit the orc but do no damage.
The orc is heavily wounded.
The orc hits you but does no damage. The orc attacks as you move away!
The orc hits you but does no damage. The orc attacks as you move away!
The orc hits you with a +0 flail!
You die...

#...............####..
.............##### ##.
..#..........## .
###..........# .
#..........# .
#######..### . # #...#
..#########.#.########
?.........@...........
#.#...##.o....####..##
#.)................#
..#.##o####.#######
..#o####.# #.#o..##.#
#.#.#....##
#...#.##..#
...########.o#....##


You could see 3 orcs.

Vanquished Creatures
  A worm (D:3)
  2 dart slugs
  2 orcs (D:3)
  An endoplasm (D:3)
  A giant cockroach (D:3)
  A goblin (D:3)
  A hobgoblin (D:3)
  A ball python (D:3)
10 creatures vanquished.

Notes
Turn   | Place    | Note
-------+----------+-------------------------------------------
     0 | D:5      | flotson the Demonspawn Delver began the quest for the Orb.
     0 | D:5      | Reached XP level 1. HP: 18/18 MP: 1/1
    30 | D:5      | Noticed a jelly
    56 | D:4      | Noticed an orc priest
   172 | D:3      | Gained mutation: You are partially covered in icy blue
                  | scales. (AC +2) [demonic ancestry]
   172 | D:3      | Reached XP level 2. HP: 14/24 MP: 2/2
   815 | D:3      | Slain by an orc

Illustrated notes

Levels and vault maps discovered:
D:3:      layout_rooms, biasface_ghost_orc_armoury, uniq_grinder, uniq_robin
D:4:      layout_basic, mainiacjoe_overflow_alcove_2, kennysheep_generic_room_4,
          uniq_duvessa, uniq_sigmund, uniq_ijyb
D:5:      cheibrodos_barr_body, layout_cave_pods, nicolae_gozag_seed_capital,
          minmay_temple_entry_slanted

Skill      XL: |  1  2 |
---------------+-------+-----
Axes           | 2 |  2.0
Dodging        | 2 |  2.0
Fighting       | |  3.2
Throwing       | |  0.1
Armour         | |  0.6
Stealth        | |  4.5
Evocations     | |  0.7

Action                   || total
-------------------------++-------
Melee: Hand axe          ||    64
       Punch             ||     1
  Use: Scroll            ||     1
 Stab: Sleeping          ||     1
Armor: Ring mail         ||    17
       Leather armour    ||     1
Dodge: Dodged            ||    38
